 Dungeon Crawl Stone Soup version 0.30.0-29-ga12c61a403 (webtiles) character file.

Game seed: 15817538269235258708

833 hawla the Magician (level 8, -1/58 HPs)
             Began as a Meteoran Fire Elementalist on June 4, 2023.
             Slain by a kobold brigand
             ... wielding a +0 short sword
              (5 damage)
             ... on level 5 of the Dungeon.
             The game lasted 00:10:32 (2331 turns).

hawla the Magician (Meteoran Fire Elementalist)     Turns: 2331, Time: 00:10:33

Health: -1/58      AC:  3    Str: 13    XL:     8   Next: 42%
Magic:  16/16      EV: 13    Int: 19    God:
Gold:   20         SH:  0    Dex: 13    Spells: 12/19 levels left

rFire   . . .        y - +0 club
rCold   . . .        (no shield)
rNeg    . . .        a - +0 robe
rPois   +            (no helmet)
rElec   .            h - scarf {repulsion}
rCorr   .            c - +0 pair of gloves
SInv    .            (no boots)
Will    +....        (no amulet)
Stlth   +            d - ring of poison resistance
HPRegen 0.29/turn    (no ring)
MPRegen 0.15/turn

%: repel missiles
@: confused, lethally poisoned (-1 -> -8), ambrosia-drunk, glowing
A: sense surroundings 1, otherworldly, glowing, explore regen, low MP 1, strong
1
a: no special abilities


You were on level 5 of the Dungeon.
You visited 2 branches of the dungeon, and saw 6 of its levels.

You collected 197 gold pieces.
You spent 177 gold pieces at shops.

Inventory:

Hand Weapons
 y - a +0 club (weapon)
Armour
 a - a +0 robe (worn)
 c - a +0 pair of gloves (worn)
 h - a scarf of repulsion (worn)
Jewellery
 d - a ring of poison resistance (left hand)
Wands
 e - a wand of mindburst (24) (quivered)
 q - a wand of roots (4)
Scrolls
 g - 2 scrolls of identify {unknown}
 i - 2 scrolls of noise {unknown}
 j - a scroll of fear {unknown}
 k - a scroll of enchant armour {unknown}
 l - a scroll of acquirement {unknown}
 m - a scroll of summoning {unknown}
 n - a scroll of magic mapping {unknown}
 r - a scroll of amnesia {unknown}
 t - a scroll of immolation {unknown}
 z - 2 scrolls of teleportation {unknown}
 A - a scroll of silence {unknown}
Potions
 b - a potion of magic
 p - 2 potions of flight {unknown}
 s - a potion of haste {unknown}
 u - a potion of invisibility
 v - a potion of curing {unknown}
 w - a potion of resistance {unknown}
 x - a potion of lignification {unknown}


   Skills:
 + Level 0.4 Fighting
 + Level 3.5 Dodging
 - Level 1.4 Stealth
 + Level 6.4 Spellcasting
 + Level 5.5 Conjurations
 + Level 6.1 Fire Magic
 + Level 3.0 Evocations


You had 12 spell levels left.
You knew the following spells:

 Your Spells              Type           Power      Damage    Failure   Level
a - Foxfire               Conj/Fire      100%       2x1d9     1%          1
b - Scorch                Fire           58%        2d7       1%          2
c - Flame Wave            Conj/Fire      28%        2d9       10%         4

Your spell library contained the following spells:

 Spells                   Type           Power      Damage    Failure   Level
 Magic Dart               Conj           100%       1d8       1%          1
 Inner Flame              Hex/Fire       17%        N/A       10%         3
 Volatile Blastmotes      Fire/Tloc      34%        2d12      10%         3
 Beastly Appendage        Tmut           12%        N/A       11%         1
 Call Imp                 Summ           12%        N/A       16%         2
 Wereblood                Tmut           6%         N/A       16%         2
 Mephitic Cloud           Conj/Pois/Air  13%        N/A       16%         3
 Spider Form              Tmut/Pois      6%         N/A       32%         3


Dungeon Overview and Level Annotations

Branches:
Dungeon (5/15) Zot: 780    Temple (1/1) D:4 Zot: 489

Altars:
Dithmenos
Elyvilon
Fedhas
Gozag
Nemelex Xobeh
Sif Muna
Trog
Wu Jian
Xom
Zin
The Shining One

Shops:
D:4 *=[*

Annotations:
D:5 Pikel


Innate Abilities, Weirdness & Mutations

You passively map a small area around you.
You are easily found by Zot.
You glow in the dark.
You regain HP and MP as you explore.
Your magical capacity is low. (-10% MP)
Your muscles are strong. (Str +4, Int/Dex -1)


Message History

* * * LOW HITPOINT WARNING * * *
The lemure hits you but does no damage. The kobold brigand closely misses you.
Your Fire Magic skill increases to level 6!
A wave of flame ripples out!
The flame wave engulfs the lemure!
You kill the lemure!
That felt strangely unrewarding.
The flame wave engulfs the kobold brigand!
The kobold brigand is severely wounded.
The flame wave engulfs the lemure!
You kill the lemure!
That felt strangely unrewarding.
You feel very sick.
A poisoned dart appears from out of thin air!
The poisoned dart hits you!
You are lethally poisoned!
The kobold brigand closely misses you.
A wave of flame ripples out!
The flame wave engulfs the kobold brigand!
The kobold brigand is almost dead.
The flame wave engulfs something!
The flame wave engulfs the quokka!
You kill the quokka!
You finish channelling waves of flame.
* * * LOW HITPOINT WARNING * * *
You feel very sick.
You hear a shout!
The kobold brigand hits you with a +0 short sword.
* * * LOW HITPOINT WARNING * * *
It was a potion of ambrosia.
You are confused.
You feel invigorated.
* * * LOW HITPOINT WARNING * * *
You feel very sick.
The kobold brigand completely misses you.
It was a potion of mutation.
You feel extremely strange.
You feel less energetic.
You feel agile.
You feel clumsy.
You feel stronger.
You feel very sick. Something hits you.
* * * LOW HITPOINT WARNING * * *
The kobold brigand hits you with a +0 short sword.
You die...

##......#....## * * *
#..........#...
#........#...# *
##........#..# #### *
#....$.......# #...(
#............##.....
#............'...... ,,
#..........K.)).....
#...........@K......
#............##..$.. ,
#............# ... , ,
##...........## *# * ,
#...........).#######* **
....................###
,................).....######
......######.##.#).........##
, ..........##.............#


You could see Pikel and a kobold brigand.

Vanquished Creatures
  The ghost of seaoflcl the Trooper, an amateur HuFi (D:3)
  3 ogres
  4 lemures (D:5)
  A kobold brigand (D:5)
  A scorpion (D:5)
  2 hounds (D:4)
  2 jellies
  2 iguanas (D:4)
  An orc wizard (D:3)
  A mummy (D:4)
  4 gnolls (D:4)
  7 adders
  A dart slug (D:2)
  7 orcs
  9 ball pythons
  2 endoplasms (D:4)
  4 giant cockroaches
  7 hobgoblins
  6 kobolds
  4 quokkas
  2 bats (D:1)
  5 goblins
  2 hobgoblin zombies (D:4)
  2 kobold zombies (D:4)
  7 rats
87 creatures vanquished.

Vanquished Creatures (collateral kills)
  5 foxfires (D:4)
5 creatures vanquished.

Vanquished Creatures (others)
  171 foxfires
171 creatures vanquished.

Grand Total: 263 creatures vanquished

Notes
Turn   | Place    | Note
-------+----------+-------------------------------------------
     0 | D:1      | hawla the Meteoran Fire Elementalist began the quest for
                  | the Orb.
     0 | D:1      | Reached XP level 1. HP: 14/14 MP: 5/5
    79 | D:1      | Reached XP level 2. HP: 20/20 MP: 2/6
   147 | D:2      | Reached XP level 3. HP: 24/26 MP: 3/8
   549 | D:2      | Learned a level 2 spell: Scorch
   710 | D:2      | Reached XP level 4. HP: 33/33 MP: 6/9
   719 | D:2      | Learned a level 4 spell: Flame Wave
   826 | D:3      | Found a runed translucent door.
   828 | D:3      | Noticed seaoflcl's ghost (amateur HuFi)
   879 | D:3      | Reached XP level 5. HP: 22/38 MP: 0/10
  1151 | D:3      | Killed seaoflcl's ghost
  1152 | D:3      | Reached XP level 6. HP: 9/45 MP: 6/11
  1172 | D:4      | Noticed an ogre
  1178 | D:4      | Killed an ogre
  1200 | D:4      | Found a staircase to the Ecumenical Temple.
  1205 | D:4      | Found an ornate altar of the Wu Jian Council.
  1216 | Temple   | Entered the Ecumenical Temple
  1344 | D:4      | Found Woysoeqo's Jewellery Emporium.
  1358 | D:4      | Reached XP level 7. HP: 50/50 MP: 5/13
  1601 | D:4      | Reached skill level 5 in Conjurations
  1601 | D:4      | Reached skill level 5 in Fire Magic
  1642 | D:4      | Found Icsaesch's General Store.
  1645 | D:4      | Bought a wand of roots (4) for 96 gold pieces
  1860 | D:4      | Found Ily Fom's Assorted Antiques.
  1878 | D:4      | Bought a scroll labelled SEIGOH HUIR for 28 gold pieces
  1878 | D:4      | Bought a smoky emerald potion for 25 gold pieces
  1878 | D:4      | Bought a scroll labelled XIRPHY KUULEHIP for 28 gold pieces
  2066 | D:4      | Found Wicseg's Armour Emporium.
  2167 | D:4      | Reached skill level 5 in Spellcasting
  2262 | D:5      | Entered Level 5 of the Dungeon
  2285 | D:5      | Reached XP level 8. HP: 57/57 MP: 7/17
  2325 | D:5      | Noticed Pikel
  2331 | D:5      | Gained mutation: Your magical capacity is low. (-10% MP)
                  | [potion of mutation]
  2331 | D:5      | Gained mutation: You are agile. (Dex +4, Str/Int -1)
                  | [potion of mutation]
  2331 | D:5      | Lost mutation: You are agile. (Dex +4, Str/Int -1) [potion
                  | of mutation]
  2331 | D:5      | Gained mutation: Your muscles are strong. (Str +4, Int/Dex
                  | -1) [potion of mutation]
  2331 | D:5      | Slain by a kobold brigand

Illustrated notes

Levels and vault maps discovered:
D:1:      evilmike_arrival_rings, layout_loops_ring,
          dreamdust_ecumenical_altar_sealed_demon
D:2:      layout_loops_ring, grunt_ministairs_11, minmay_heptomino_h4
D:3:      layout_basic, gammafunk_ghost_grave
D:4:      layout_loops_corners, kennysheep_mini, minmay_temple_entry_ruins,
          serial_shops, nicolae_shop_gaudy_bauble,
          nicolae_shop_overgrown_old_shop, nicolae_square_shop,
          nicolae_shop_tiny_real_fake_doors, chequers_serial_rivers_micro_d,
          minmay_mini_ossuary
D:5:      cheibrodos_fertilizer, layout_rooms,
          mainiacjoe_overflow_six_doors_small, serial_bayou_pond_a,
          kennysheep_generic_room_16, uniq_pikel, uniq_menkaure
Temple:   nicolae_temple_godzebo

Skill      XL: |  1  2  3  4  5  6  7  8 |
---------------+-------------------------+-----
Fire Magic     | 4 5 6 |  6.1
Spellcasting   | 3 5 6 |  6.4
Dodging        | 3 |  3.5
Conjurations   | 3 4 5 |  5.5
Evocations     | 2 3 |  3.0
Fighting       | |  0.4
Stealth        | |  1.4

Action                     |  1- 3 |  4- 6 |  7- 9 || total
---------------------------+-------+-------+-------++-------
  Melee: Unarmed           |    13 |     4 |     3 ||    20
   Cast: Foxfire           |    29 |    32 |    40 ||   101
         Scorch            |     1 |    10 |    20 ||    31
         Flame Wave        |       |     2 |     3 ||     5
    Use: Potion            |       |     1 |     3 ||     4
 Armour: Robe              |    15 |     2 |     7 ||    24
  Dodge: Dodged            |    22 |     4 |    22 ||    48
